AoeStats
← Scurvy Enjoyer

Arabia

507013032Analyzed
2v2 RM · 14d ago on Sep 16, 2026· 52m 49s· 4 players
Game mode
Random Map
Map size
Medium (4 player)
Population
200
Speed
Normal
Resources
Standard
Victory
Conquest
Starting age
Dark Age
Ending age
Imperial Age
RankedLock teamsTeams togetherTeam positionsShared explorationLock speedFull tech treeHidden civsTurbo modeCheats
Victory
Defeat
🇺🇸 Mongols · United States
1113
+12
🇩🇰 Huns · Denmark
951
+20
🇺🇸 Teutons · United States
1024
-16
🇺🇸 Britons · United States
1024
-16
Hupee
6:58 Loom
9:51 Feudal Age
10:56 Double-Bit Axe
13:30 Horse Collar
18:40 Wheelbarrow
21:48 Castle Age
20:25 Wheelbarrow
22:08 Pikeman
23:53 Bloodlines
26:25 Bow Saw
27:14 Scale Barding Armor
27:20 Forging
28:22 Chain Barding Armor
28:41 Heavy Plow
28:38 Town Watch
30:31 Iron Casting
33:23 Hand Cart
39:04 Imperial Age
38:20 Fletching
40:10 Conscription
40:52 Plate Barding Armor
41:22 Blast Furnace
41:01 Cavalier
48:12 Paladin
Scurvy Enjoyer
7:55 Loom
9:41 Feudal Age
13:36 Double-Bit Axe
15:40 Fletching
20:25 Horse Collar
26:43 Castle Age
27:08 Crossbowman
27:48 Bodkin Arrow
27:54 Padded Archer Armor
27:32 Pikeman
29:00 Bow Saw
31:50 Ballistics
44:04 Leather Archer Armor
53:15 Imperial Age
dingaling.gam1n69
7:12 Loom
9:19 Feudal Age
9:55 Double-Bit Axe
12:41 Horse Collar
16:37 Castle Age
15:05 Scale Barding Armor
17:11 Forging
17:56 Chain Barding Armor
19:42 Husbandry
21:53 Bloodlines
23:07 Wheelbarrow
27:54 Iron Casting
33:54 Imperial Age
32:17 Fletching
32:53 Ballistics
32:57 Bow Saw
33:41 Town Watch
34:50 Bodkin Arrow
35:48 Elite Steppe Lancer
38:48 Conscription
44:04 Pikeman
46:17 Scale Mail Armor
46:20 Squires
52:22 Chain Mail Armor
53:08 Blast Furnace
52:21 Stone Mining
F1r3duck
10:24 Feudal Age
8:40 Loom
12:47 Double-Bit Axe
13:54 Bloodlines
22:38 Castle Age
23:55 Scale Barding Armor
24:00 Forging
24:07 Husbandry
26:46 Iron Casting
28:59 Chain Barding Armor
29:08 Horse Collar
32:43 Bow Saw
35:04 Wheelbarrow
37:06 Imperial Age
35:10 Marauders
37:05 Hand Cart
39:19 Caravan
39:30 Elite Tarkan
41:37 Heavy Plow
45:18 Blast Furnace
44:54 Plate Barding Armor
45:36 Two-Man Saw
47:30 Conscription
48:39 Chemistry
48:00 Ballistics
47:35 Murder Holes
Connection lost

Rejoining the realm…

Still unreachable

The connection could not be restored.

Session expired

The server has moved on; the page needs a fresh start.